 Dungeon Crawl Stone Soup version 0.18.1-5-g4a78601 (webtiles) character file.

1279 PossumBlood the Chopper (level 8, 0/65 HPs)
             Began as a Formicid Fighter on May 13, 2016.
             Was a Believer of Okawaru.
             Succumbed to a water moccasin's poison
             ... on level 5 of the Dungeon.
             The game lasted 00:11:19 (4378 turns).

PossumBlood the Chopper (Formicid Fighter)          Turns: 4378, Time: 00:11:20

Health: 0/65       AC:  5    Str: 27    XL:     8   Next: 84%
Magic:  8/8        EV: 10    Int:  9    God:    Okawaru [**....]
Gold:   181        SH:  6    Dex: 10    Spells: 0 memorised, 7 levels left

rFire  + . .     SeeInvis +     m - +0 hand axe (chop)
rCold  + . .     Gourm    .     A - +0 plate armour
rNeg   + . .     Faith    .     o - +1 buckler {AC+3}
rPois  +         Spirit   .     (helmet unavailable)
rElec  +         Dismiss  .     k - +0 cloak
rCorr  +         Reflect  .     (no gloves)
SustAt .         Harm     .     (no boots)
MR     .....                    (no amulet)
Stlth  ..........               y - +3 ring of evasion
                                n - ring of positive energy

@: mighty, lethally poisoned (0 -> -9), resistant, corroded, not resistant to
hostile enchantments, extremely unstealthy
A: permanent stasis, dig shafts and tunnels, four strong arms, antennae 3
a: Dig, Shaft Self, Heroism, Renounce Religion


You were on level 5 of the Dungeon.
You worshipped Okawaru.
Okawaru was pleased with you.
You were not hungry.

You visited 2 branches of the dungeon, and saw 6 of its levels.

You collected 181 gold pieces.

Inventory:

Hand Weapons
 a - a +1 war axe
 m - a +0 hand axe of chopping (weapon)
 u - a +0 quarterstaff of protection
Missiles
 j - 4 tomahawks (quivered)
 x - 5 exploding tomahawks
Armour
 c - a +0 shield
 k - a +0 cloak (worn)
 o - a +1 buckler of protection (worn)
 A - a +0 plate armour (worn)
Jewellery
 n - a ring of positive energy (left hand)
 y - a +3 ring of evasion (right hand)
Wands
 b - a wand of flame (26/48)
Scrolls
 l - a scroll of magic mapping
 r - a scroll of amnesia
 t - 2 scrolls of identify
 w - 3 scrolls of remove curse
 z - a scroll of enchant weapon
Potions
 e - a potion of cure mutation
 s - a potion of lignification
Comestibles
 f - 3 bread rations
 g - 3 meat rations
 C - 4 fruits


   Skills:
 - Level 6.3 Fighting
 - Level 6.4 Axes
 - Level 6.0 Armour
 * Level 6.1 Shields


You had 7 spell levels left.
You didn't know any spells.

Dungeon Overview and Level Annotations

Branches:
Dungeon (5/15)             Temple (1/1) D:4

Altars:
Ashenzari
Dithmenos
Elyvilon
Fedhas
Gozag
Kikubaaqudgha
Makhleb
Nemelex Xobeh
Okawaru
Qazlal
Ru
Trog
Xom
Yredelemnul
The Shining One

Shops:
D:4 =


Innate Abilities, Weirdness & Mutations

You are under a permanent stasis effect.
You can dig through walls and to a lower floor.
Your four strong arms can wield two-handed weapons with a shield.
You have a pair of large antennae on your head (SInv).


Message History

The water moccasin is almost dead.
You feel sick. The water moccasin bites you.
* * * LOW HITPOINT WARNING * * *
You are lethally poisoned!
The water moccasin poisons you!
You slash the water moccasin!
You kill the water moccasin!
Okawaru accepts your kill.
Your Shields skill increases to level 6!
* * * LOW HITPOINT WARNING * * *
You feel sick.
* * * LOW HITPOINT WARNING * * *
You feel sick.
You see here a water moccasin corpse.
* * * LOW HITPOINT WARNING * * *
You feel sick.
You see here a hound corpse.
* * * LOW HITPOINT WARNING * * *
You feel sick.
You die...

##.# ##.# ##.# #####.
.. .#.# #...... ..
...# ....... .. .#
...# ....... .##..
...# .....# ####...#
...###....# #......##
...##.....# #@.......
.......#### #.†...#..
..........# ####†....#
..........###...†....#
...............).###.#
###...........##.# ...
#........##.#.##...
##.
#.....##....#.##.....
#.....#...............


There were no monsters in sight!

Vanquished Creatures
  The ghost of kay3 the Ducker, a novice KoMo of Nemelex Xobeh (D:4)
  A water moccasin (D:5)
  An ice beast (D:5)
  A centaur (D:5)
  2 ogres (D:4)
  2 vampire bats (D:3)
  A jelly (D:5)
  A quasit (D:4)
  A centaur skeleton (D:3)
  3 hounds (D:5)
  2 orc wizards (D:3)
  Jessica (D:3)
  An iguana (D:4)
  A worker ant (D:4)
  3 gnolls (D:2)
  5 adders
  A shadow imp (D:5)
  2 oozes (D:3)
  An adder zombie (D:5)
  2 worms
  4 giant geckos
  12 orcs
  11 bats
  3 bat skeletons (D:3)
  3 bat zombies (D:3)
  A giant cockroach (D:1)
  4 goblins
  8 hobgoblins
  12 jackals
  A quokka (D:3)
  A ball python (D:2)
  5 giant newts
  8 kobolds
  7 rats
113 creatures vanquished.

Notes
Turn   | Place    | Note
--------------------------------------------------------------
     0 | D:1      | PossumBlood the Formicid Fighter began the quest for the Orb.
     0 | D:1      | Reached XP level 1. HP: 18/18 MP: 1/1
    85 | D:1      | Reached XP level 2. HP: 20/25 MP: 2/2
   743 | D:2      | Reached XP level 3. HP: 29/31 MP: 3/3
  1212 | D:2      | Reached skill level 5 in Fighting
  1212 | D:2      | Reached XP level 4. HP: 39/39 MP: 4/4
  1296 | D:2      | Found a sparkling altar of Nemelex Xobeh.
  1651 | D:3      | Reached XP level 5. HP: 46/46 MP: 5/5
  1865 | D:3      | Noticed Jessica
  1883 | D:3      | Killed Jessica
  2122 | D:3      | Reached XP level 6. HP: 46/53 MP: 6/6
  2274 | D:3      | Found an ancient bone altar of Kikubaaqudgha.
  2588 | D:3      | Found a shadowy altar of Dithmenos.
  2704 | D:4      | Reached XP level 7. HP: 37/59 MP: 7/7
  2906 | D:4      | Found a staircase to the Ecumenical Temple.
  2937 | D:4      | Found Ityth's Jewellery Emporium.
  2961 | Temple   | Entered the Ecumenical Temple
  2982 | Temple   | Became a worshipper of Warmaster Okawaru
  3284 | D:4      | Noticed kay3's ghost (novice KoMo)
  3299 | D:4      | Killed kay3's ghost
  3336 | D:4      | Reached * piety under Okawaru
  3336 | D:4      | Reached XP level 8. HP: 65/65 MP: 8/8
  3357 | D:4      | Found an iron altar of Okawaru.
  3792 | D:4      | Reached skill level 5 in Armour
  3852 | D:5      | Entered Level 5 of the Dungeon
  4330 | D:5      | Reached ** piety under Okawaru
  4330 | D:5      | Reached skill level 5 in Shields
  4357 | D:5      | HP: 2/97 [water moccasin (5)]
  4374 | D:5      | HP: 3/65 [poisoned by a water moccasin]
  4377 | D:5      | HP: 1/65 [poisoned by a water moccasin]
  4378 | D:5      | Succumbed to a water moccasin's poison

Skill      XL: |  1  2  3  4  5  6  7  8 |
---------------+-------------------------+-----
Fighting       | 4 5 6 |  6.3
Axes           | 4 6 |  6.4
Armour         | 4 6 |  6.0
Shields        | 6 |  6.1

Action                   |  1- 3 |  4- 6 |  7- 9 || total
-------------------------+-------+-------+-------++-------
Melee: War axe           |   109 |    32 |       ||   141
       Hand axe          |       |   158 |   195 ||   353
  Use: Scroll            |     4 |     4 |     1 ||     9
       Potion            |       |       |     9 ||     9
  Eat: Pizza             |     1 |       |       ||     1
       Bread ration      |       |     1 |     2 ||     3
Armor: Scale mail        |    47 |   117 |    64 ||   228
       Plate armour      |       |       |    40 ||    40
       Skin              |       |       |     7 ||     7
Dodge: Dodged            |    31 |    76 |    95 ||   202
Block: Shield            |    57 |    41 |       ||    98
       Buckler           |       |    30 |    52 ||    82
